 Dungeon Crawl Stone Soup version 0.30.1-9-gdf580d7c3d (webtiles) character file.

Game seed: 10260298264746185293

111 KittyFluff the Cudgeller (level 4, -3/29 HPs)
             Began as a Gargoyle Berserker on Oct 7, 2023.
             Was a Believer of Trog.
             Slain by a gnoll
             ... wielding a +0 spear
              (8 damage)
             ... on level 2 of the Dungeon.
             The game lasted 00:05:09 (1524 turns).

KittyFluff the Cudgeller (Gargoyle Berserker)       Turns: 1524, Time: 00:05:09

Health: -3/29      AC:  7    Str: 23    XL:     4   Next: 92%
Magic:  4/4        EV: 11    Int:  7    God:    Trog [**....]
Gold:   95         SH:  0    Dex:  9    Spells: 3/3 levels left

rFire   . . .        a - +0 mace
rCold   . . .        (no shield)
rNeg    + . .        h - +0 leather armour
rPois   ∞            (no helmet)
rElec   +            (no cloak)
rCorr   .            (no gloves)
SInv    .            (no boots)
Will    .....        (no amulet)
Stlth   +            (no ring)
HPRegen 0.24/turn    (no ring)
MPRegen 0.09/turn

%: no passive effects
@: no status effects
A: sickness immunity, AC +3, negative energy resistance 1, electricity
resistance, torment resistance 1, petrification resistance
a: Renounce Religion, Berserk, Trog's Hand


You were on level 2 of the Dungeon.
You worshipped Trog.
Trog was pleased with you.
You visited 1 branch of the dungeon, and saw 2 of its levels.

You collected 95 gold pieces.

Inventory:

Hand Weapons
 a - a +0 mace (weapon)
Missiles
 e - 6 poisoned darts (quivered)
Armour
 h - a +0 leather armour (worn)
Scrolls
 d - 5 scrolls of identify {unknown}
 f - a scroll of enchant weapon {unknown}
 g - a scroll of fog {unknown}
 i - 2 scrolls of fear {unknown}
 l - a scroll of poison {unknown}
 n - a scroll of immolation {unknown}
Potions
 b - 2 potions of curing {unknown}
 c - a potion of lignification {unknown}
 j - a potion of berserk rage {unknown}
 k - a potion of flight {unknown}
 m - a potion of attraction {unknown}


   Skills:
 + Level 3.9 Fighting
 * Level 3.9 Maces & Flails
 * Level 3.6 Armour
 + Level 2.1 Dodging


You had 3 spell levels left.
You didn't know any spells.
Your spell library was empty.

Dungeon Overview and Level Annotations

Branches:
Dungeon (2/15)

Altars:


Innate Abilities, Weirdness & Mutations

You are immune to sickness and miasma.
Your stone body is resilient. (AC +3)
You are immune to poison.
You resist negative energy. (rN+)
You are resistant to electric shocks. (rElec)
You are resistant to unholy torment.
You are immune to petrification.


Message History

a +0 spear; a gnoll corpse The gnoll shouts!
Found a stone staircase leading up.
The gnoll hits you from afar with a +0 spear.
The gnoll barely misses you.
You hit the gnoll but do no damage. The gnoll hits you but does no damage.
You barely miss the gnoll. The gnoll misses you.
The gnoll hits you but does no damage.
You hit the gnoll.
The gnoll is lightly wounded.
The gnoll hits you with a +0 spear.
You sock the gnoll!
The gnoll is severely wounded.
A gnoll comes into view. It is wielding a +0 whip.
The gnoll closely misses you.
You hit the gnoll but do no damage.
The gnoll is severely wounded.
The gnoll misses you.
You hit the gnoll.
The gnoll is severely wounded.
The gnoll hits you but does no damage. The gnoll attacks as you move away!
The gnoll hits you with a +0 spear. The gnoll barely misses you.
The gnoll attacks as you move away! The gnoll hits you with a +0 whip.
You sock the gnoll!
The gnoll is heavily wounded.
The gnoll hits you with a +0 whip.
The gnoll hits you from afar with a +0 spear.
The gnoll hits you with a +0 whip. The gnoll barely misses you.
You closely miss the gnoll.
The gnoll is heavily wounded.
The gnoll hits you with a +0 whip.
The gnoll hits you from afar with a +0 spear.
* * * LOW HITPOINT WARNING * * *
You barely miss the gnoll.
The gnoll is heavily wounded.
The gnoll hits you with a +0 whip.
* * * LOW HITPOINT WARNING * * *
The gnoll hits you from afar with a +0 spear!
You die...

#..#########.#)###
##............)..#
#####..#######.....#
.......# #.....#
.......### #.....#
.........# #.....#
.........# #.....#
.........#####.....#
#####........#.#@###
#.######.#.#g# #†#
..#g# #.#
.....>....# #.#
........#.# #.#
........#.# #.#
........# # #.#
...##'#<# #.# ###
#...#


You could see 2 gnolls.

Vanquished Creatures
  A hound (D:2)
  2 gnolls (D:2)
  2 adders (D:2)
  2 worms (D:2)
  4 ball pythons
  6 endoplasms
  3 giant cockroaches
  3 goblins
  4 hobgoblins
  3 kobolds
  2 quokkas (D:1)
  3 bats (D:1)
  3 frilled lizards
  A rat (D:2)
39 creatures vanquished.

Notes
Turn   | Place    | Note
-------+----------+-------------------------------------------
     0 | D:1      | KittyFluff the Gargoyle Berserker began the quest for the
                  | Orb.
     0 | D:1      | Reached XP level 1. HP: 14/14 MP: 1/1
   172 | D:1      | Reached XP level 2. HP: 19/19 MP: 2/2
   714 | D:2      | Reached XP level 3. HP: 23/23 MP: 3/3
   729 | D:2      | Reached ** piety under Trog
   758 | D:2      | Reached XP level 4. HP: 23/29 MP: 4/4
  1450 | D:2      | Found a faded altar of an unknown god.
  1450 | D:2      | Noticed a cacodemon
  1524 | D:2      | Slain by a gnoll

Illustrated notes

Levels and vault maps discovered:
D:1:      dpeg_arrival_fog, layout_rooms
D:2:      layout_basic, dreamdust_ecumenical_altar_sealed_demon,
          kennysheep_generic_room_11

Skill      XL: |  1  2  3 |
---------------+----------+-----
Armour         | 3 |  3.6
Dodging        | 2 |  2.1
Fighting       | |  3.9
Maces & Flails | |  3.9

Action                     |  1- 3 |  4- 6 || total
---------------------------+-------+-------++-------
  Melee: Mace              |    99 |    59 ||   158
         Punch             |     1 |     1 ||     2
 Invoke: Berserk           |     1 |       ||     1
 Armour: Animal skin       |    10 |       ||    10
         Leather armour    |    33 |    22 ||    55
  Dodge: Dodged            |    80 |    30 ||   110
